3AAA
SIOUX FALLS RED PANDAS @ PENNSAUKEN FLYERS
07/03/2030
 
TOP OF THE 1ST
Sioux Falls Red Pandas batting - Pitching for Pennsauken Flyers : LHP Mike Foltynewicz
Pitching: LHP Mike Foltynewicz
Batting: RHB Steve Jones 0-0: Ball
1-0: SOLO HOME RUN (Flyball, 7LD), Distance : 364 ft
Batting: RHB Pedro Morales 0-0: Foul Ball, location: 2F
0-1: Ball
1-1: Foul Ball, location: 2F
1-2: Strikes out looking
Batting: RHB John MacGregor 0-0: Foul Ball, location: 2F
0-1: Swinging Strike
0-2: Ball
1-2: DOUBLE (Flyball, 78XD)
Batting: RHB Russell Jackson 0-0: Foul Ball, location: 2F
0-1: Ball
1-1: Foul Ball, location: 2F
1-2: Ball
2-2: Foul Ball, location: 2F
2-2: Ball
3-2: Base on Balls
Batting: LHB John Brewer 0-0: Ball
1-0: Ball
2-0: Foul Ball, location: 2F
2-1: SINGLE (Line Drive, 4MD)
John MacGregor to third
Russell Jackson to second
Runner from 3rd tries for Home, SAFE, no throw
Batting: RHB Dave Henderson 0-0: Called Strike
0-1: Ball
1-1: Fly out, F8 (Flyball, 8LD)
Batting: LHB Jorge Flores 0-0: Ball
1-0: Foul Ball, location: 2F
1-1: Called Strike
1-2: Strikes out swinging
Top of the 1st over - 2 runs, 3 hits, 0 errors, 2 left on base; Sioux Falls 2 - Pennsauken 0
BOTTOM OF THE 1ST
Pennsauken Flyers batting - Pitching for Sioux Falls Red Pandas : LHP Pedro Pacheco
Pitching: LHP Pedro Pacheco
Batting: RHB Marc Beck 0-0: Ball
1-0: Ball
2-0: Ball
3-0: Foul Ball, location: 2F
3-1: Base on Balls
Batting: RHB Enoch Reinhardt 0-0: Called Strike
0-1: Fielders Choice at 2nd, 6-4 (Groundball, 6)
Batting: LHB Vinski Prifti 0-0: SINGLE (Groundball, 4D)
Enoch Reinhardt to second
Runner from 2nd tries for 3rd, SAFE, throw made to third
Batting: RHB Enrique Ibarra 0-0: Ball
1-0: Ground out 3-1 (Groundball, 34S)
Enoch Reinhardt scores
Vinski Prifti to second
Batting: RHB Clarence Therrien 0-0: Foul Ball, location: 2F
0-1: Swinging Strike
0-2: Foul Ball, location: 2F
0-2: Ground out 5-3 (Groundball, 25)
Bottom of the 1st over - 1 run, 1 hit, 0 errors, 1 left on base; Sioux Falls 2 - Pennsauken 1
TOP OF THE 2ND
Sioux Falls Red Pandas batting - Pitching for Pennsauken Flyers : LHP Mike Foltynewicz
Batting: RHB Luis Alomar 0-0: Hit by Pitch
Batting: LHB Enrique Ortega 0-0: Foul Ball, location: 2F
0-1: Ball
1-1: Foul Ball, location: 2F
1-2: Fly out, F5 (Line Drive, 5)
Batting: RHB Steve Jones 0-0: Ball
1-0: Foul Ball, location: 2F
1-1: Foul Ball, location: 2F
1-2: Ball
2-2: Fly out, F6 (Popup, 6S)
Batting: RHB Pedro Morales 0-0: Swinging Strike
0-1: Ball
1-1: Ball
2-1: Foul Ball, location: 2F
2-2: Strikes out looking
Top of the 2nd over - 0 runs, 0 hits, 0 errors, 1 left on base; Sioux Falls 2 - Pennsauken 1
BOTTOM OF THE 2ND
Pennsauken Flyers batting - Pitching for Sioux Falls Red Pandas : LHP Pedro Pacheco
Batting: RHB Raúl Francisco 0-0: Fly out, F7 (Line Drive, 7D)
Batting: RHB Roy McFerran 0-0: Called Strike
0-1: Swinging Strike
0-2: Ball
1-2: Fly out, F8 (Flyball, 8LM)
Batting: RHB Raúl Guerrero 0-0: Swinging Strike
0-1: Ball
1-1: Foul Ball, location: 2F
1-2: Ball
2-2: Ball
3-2: Fly out, F9 (Line Drive, 89M)
Bottom of the 2nd over - 0 runs, 0 hits, 0 errors, 0 left on base; Sioux Falls 2 - Pennsauken 1
TOP OF THE 3RD
Sioux Falls Red Pandas batting - Pitching for Pennsauken Flyers : LHP Mike Foltynewicz
Batting: RHB John MacGregor 0-0: Called Strike
0-1: Swinging Strike
0-2: Fly out, F8 (Flyball, 89M)
Batting: RHB Russell Jackson 0-0: Called Strike
0-1: Ball
1-1: Ball
2-1: Ground out 6-3 (Groundball, 6)
Batting: LHB John Brewer 0-0: Swinging Strike
0-1: Swinging Strike
0-2: Strikes out swinging
Top of the 3rd over - 0 runs, 0 hits, 0 errors, 0 left on base; Sioux Falls 2 - Pennsauken 1
BOTTOM OF THE 3RD
Pennsauken Flyers batting - Pitching for Sioux Falls Red Pandas : LHP Pedro Pacheco
Batting: RHB Carlos Deleón 0-0: Ball
1-0: SINGLE (Groundball, 56D)
Batting: RHB Marc Beck 0-0: Ball
1-0: Fly out, F4 (Line Drive, 4)
Batting: RHB Enoch Reinhardt 0-0: Ball
1-0: Called Strike
1-1: SINGLE (Groundball, 56D)
Carlos Deleón to second
Batting: LHB Vinski Prifti 0-0: Foul Ball, location: 2F
0-1: SINGLE (Groundball, 4MD)
Carlos Deleón to third
Enoch Reinhardt to second
Runner from 3rd tries for Home, SAFE, no throw
Batting: RHB Enrique Ibarra 0-0: Ball
1-0: Ball
2-0: Ball
3-0: Base on Balls
Enoch Reinhardt to third
Vinski Prifti to second
Batting: RHB Clarence Therrien 0-0: Called Strike
0-1: Ground out 6-3 (Groundball, 6S)
Enoch Reinhardt scores
Vinski Prifti to third
Enrique Ibarra to second
Batting: RHB Raúl Francisco 0-0: Ground out 5-3 (Groundball, 56)
Bottom of the 3rd over - 2 runs, 3 hits, 0 errors, 2 left on base; Sioux Falls 2 - Pennsauken 3
TOP OF THE 4TH
Sioux Falls Red Pandas batting - Pitching for Pennsauken Flyers : LHP Mike Foltynewicz
Batting: RHB Dave Henderson 0-0: Ball
1-0: Called Strike
1-1: Ball
2-1: Foul Ball, location: 2F
2-2: Foul Ball, location: 2F
2-2: Foul Ball, location: 2F
2-2: Ball
3-2: Strikes out swinging
Batting: LHB Jorge Flores 0-0: Reached via error on a dropped throw, E3
Batting: RHB Luis Alomar 0-0: Called Strike
0-1: Ball
1-1: Ball
2-1: Ball
3-1: Base on Balls
Jorge Flores to second
Batting: LHB Enrique Ortega 0-0: Swinging Strike
0-1: Ball
1-1: Swinging Strike
1-2: Foul Ball, location: 2F
1-2: Ball
2-2: Foul Ball, location: 2F
2-2: Strikes out swinging
Batting: RHB Steve Jones 0-0: Called Strike
0-1: Ball
1-1: Ball
2-1: Foul Ball, location: 2F
2-2: Ball
3-2: Base on Balls
Jorge Flores to third
Luis Alomar to second
Batting: RHB Pedro Morales 0-0: Called Strike
0-1: Foul Ball, location: 2F
0-2: Ball
1-2: Ball
2-2: Foul Ball, location: 2F
2-2: Ball
3-2: Strikes out swinging
Top of the 4th over - 0 runs, 0 hits, 1 error, 3 left on base; Sioux Falls 2 - Pennsauken 3
BOTTOM OF THE 4TH
Pennsauken Flyers batting - Pitching for Sioux Falls Red Pandas : LHP Pedro Pacheco
Batting: RHB Roy McFerran 0-0: Ball
1-0: Swinging Strike
1-1: Ball
2-1: Ball
3-1: Base on Balls
Batting: RHB Raúl Guerrero 0-0: Fly out, F5 (Line Drive, 5)
Batting: RHB Carlos Deleón 0-0: Ball
1-0: Called Strike
1-1: Ball
2-1: Ball
3-1: DOUBLE (Line Drive, 78D)
Roy McFerran to third
Batting: RHB Marc Beck 0-0: Ball
1-0: Called Strike
1-1: Swinging Strike
1-2: Foul Ball, location: 2F
1-2: Strikes out swinging passed ball, reaches first!
Roy McFerran scores
Carlos Deleón to third
Batting: RHB Enoch Reinhardt 0-0: Called Strike
Marc Beck steals 2nd base
0-1: Ball
1-1: Ball
2-1: Foul Ball, location: 2F
2-2: Ground out 5-3 (Groundball, 5)
Batting: LHB Vinski Prifti 0-0: Ball
1-0: Foul Ball, location: 2F
1-1: Ball
2-1: Ground out 3-1 (Groundball, 34S)
Bottom of the 4th over - 1 run, 1 hit, 0 errors, 2 left on base; Sioux Falls 2 - Pennsauken 4
TOP OF THE 5TH
Sioux Falls Red Pandas batting - Pitching for Pennsauken Flyers : LHP Mike Foltynewicz
Batting: RHB John MacGregor 0-0: Foul Ball, location: 2F
0-1: Foul Ball, location: 2F
0-2: Ball
1-2: Strikes out swinging
Batting: RHB Russell Jackson 0-0: Ground out 5-3 (Groundball, 56)
Batting: LHB John Brewer 0-0: Called Strike
0-1: Foul Ball, location: 2F
0-2: Ball
1-2: Ball
2-2: Ball
3-2: Foul Ball, location: 2F
3-2: Foul Ball, location: 2F
3-2: Fly out, F9 (Flyball, 89S)
Top of the 5th over - 0 runs, 0 hits, 0 errors, 0 left on base; Sioux Falls 2 - Pennsauken 4
BOTTOM OF THE 5TH
Pennsauken Flyers batting - Pitching for Sioux Falls Red Pandas : LHP Pedro Pacheco
Batting: RHB Enrique Ibarra 0-0: Called Strike
0-1: Ground out 1-3 (Groundball, 15)
Batting: RHB Clarence Therrien 0-0: Ball
1-0: Foul Ball, location: 2F
1-1: Fly out, F5 (Line Drive, 5)
Batting: RHB Raúl Francisco 0-0: Called Strike
0-1: Ball
1-1: Ball
2-1: Fly out, F7 (Flyball, 7)
Bottom of the 5th over - 0 runs, 0 hits, 0 errors, 0 left on base; Sioux Falls 2 - Pennsauken 4
TOP OF THE 6TH
Sioux Falls Red Pandas batting - Pitching for Pennsauken Flyers : LHP Mike Foltynewicz
Batting: RHB Dave Henderson 0-0: Ball
1-0: Fly out, F7 (Flyball, 7LSF)
Batting: LHB Jorge Flores 0-0: Foul Ball, location: 2F
0-1: Foul Ball, location: 2F
0-2: Ball
1-2: Foul Ball, location: 2F
1-2: Ball
2-2: Foul Ball, location: 2F
2-2: Ball
3-2: Foul Ball, location: 2F
3-2: Base on Balls
Batting: RHB Luis Alomar Balk!
Jorge Flores to second
0-0: Ball
1-0: Swinging Strike
1-1: Foul Ball, location: 2F
1-2: Strikes out swinging
Batting: LHB Enrique Ortega 0-0: Called Strike
0-1: Ball
1-1: Called Strike
1-2: Fly out, F5 (Popup, 5F)
Top of the 6th over - 0 runs, 0 hits, 0 errors, 1 left on base; Sioux Falls 2 - Pennsauken 4
BOTTOM OF THE 6TH
Pennsauken Flyers batting - Pitching for Sioux Falls Red Pandas : LHP Pedro Pacheco
Batting: RHB Roy McFerran 0-0: Ball
1-0: Ball
2-0: Ball
3-0: Called Strike
3-1: Called Strike
3-2: SINGLE (Groundball, 6D)
Batting: RHB Raúl Guerrero 0-0: Bunted foul
0-1: Bunted foul
0-2: Ball
1-2: Ball
2-2: Foul Ball, location: 2F
2-2: Foul Ball, location: 2F
2-2: Strikes out swinging
Pitching: LHP Adrian Neumann
Batting: RHB Carlos Deleón 0-0: Called Strike
0-1: Ball
1-1: Ball
2-1: Called Strike
2-2: Ball
3-2: Strikes out swinging
Batting: RHB Marc Beck 0-0: Ball
1-0: Ball
2-0: Fly out, F9 (Flyball, 89M)
Bottom of the 6th over - 0 runs, 1 hit, 0 errors, 1 left on base; Sioux Falls 2 - Pennsauken 4
TOP OF THE 7TH
Sioux Falls Red Pandas batting - Pitching for Pennsauken Flyers : LHP Mike Foltynewicz
Batting: RHB Steve Jones 0-0: Called Strike
0-1: Ball
1-1: Foul Ball, location: 2F
1-2: Ground out 5-3 (Groundball, 5L)
Batting: RHB Pedro Morales 0-0: Called Strike
0-1: Ball
1-1: Foul Ball, location: 2F
1-2: Fly out, F7 (Flyball, 7LS)
Batting: RHB John MacGregor 0-0: Foul Ball, location: 2F
0-1: SINGLE (Line Drive, 9S)
Pitching: RHP Martin Ortíz
Batting: RHB Russell Jackson 0-0: Ball
1-0: Ball
2-0: Foul Ball, location: 2F
2-1: SINGLE (Line Drive, 7S)
John MacGregor to second
Batting: LHB John Brewer 0-0: Called Strike
0-1: Ball
1-1: Ball
2-1: SINGLE (Groundball, 34D)
John MacGregor to third
Russell Jackson to second
Runner from 3rd tries for Home, SAFE, no throw
Batting: RHB Dave Henderson 0-0: Ball
1-0: Ball
2-0: Called Strike
2-1: Foul Ball, location: 2F
2-2: Ball
3-2: Ground out 5-3 (Groundball, 56S)
Top of the 7th over - 1 run, 3 hits, 0 errors, 2 left on base; Sioux Falls 3 - Pennsauken 4
BOTTOM OF THE 7TH
Pennsauken Flyers batting - Pitching for Sioux Falls Red Pandas : LHP Adrian Neumann
Batting: RHB Enoch Reinhardt 0-0: Called Strike
0-1: Ball
1-1: Ball
2-1: Foul Ball, location: 2F
2-2: Strikes out swinging
Batting: LHB Vinski Prifti 0-0: Called Strike
0-1: Ground out 1-3 (Groundball, 13S)
Batting: RHB Enrique Ibarra 0-0: Called Strike
0-1: Ball
1-1: Foul Ball, location: 2F
1-2: Fly out, F6 (Line Drive, 6)
Bottom of the 7th over - 0 runs, 0 hits, 0 errors, 0 left on base; Sioux Falls 3 - Pennsauken 4
TOP OF THE 8TH
Sioux Falls Red Pandas batting - Pitching for Pennsauken Flyers : RHP Martin Ortíz
Now in CF: Bob Lambert
Batting: LHB Jorge Flores 0-0: Ball
1-0: Called Strike
1-1: Foul Ball, location: 2F
1-2: Foul Ball, location: 2F
1-2: Foul Ball, location: 2F
1-2: Strikes out looking
Batting: RHB Luis Alomar 0-0: Ball
1-0: Swinging Strike
1-1: Ground out 6-3 (Groundball, 6)
Batting: LHB Enrique Ortega 0-0: Fly out, F8 (Flyball, 8LM)
Top of the 8th over - 0 runs, 0 hits, 0 errors, 0 left on base; Sioux Falls 3 - Pennsauken 4
BOTTOM OF THE 8TH
Pennsauken Flyers batting - Pitching for Sioux Falls Red Pandas : LHP Adrian Neumann
Batting: RHB Clarence Therrien 0-0: Ball
1-0: Foul Ball, location: 2F
1-1: Fly out, F9 (Flyball, 9S)
Batting: RHB Raúl Francisco 0-0: Ball
1-0: Fly out, F8 (Flyball, 8RD)
Batting: RHB Roy McFerran 0-0: Ball
1-0: Ball
2-0: Called Strike
2-1: Fly out, F3 (Popup, 34)
Bottom of the 8th over - 0 runs, 0 hits, 0 errors, 0 left on base; Sioux Falls 3 - Pennsauken 4
TOP OF THE 9TH
Sioux Falls Red Pandas batting - Pitching for Pennsauken Flyers : RHP Martin Ortíz
Pitching: RHP Manny Hernández
Now at 1B: Raúl Javier Jr.
Pinch Hitting: LHB José Vargas 0-0: Called Strike
0-1: Ball
1-1: Ball
2-1: Ball
3-1: Called Strike
3-2: Foul Ball, location: 2F
3-2: Foul Ball, location: 2F
3-2: Ground out U3 (Groundball, 34)
Batting: RHB Pedro Morales 0-0: Ball
1-0: Ball
2-0: Foul Ball, location: 2F
2-1: Foul Ball, location: 2F
2-2: Strikes out looking
Batting: RHB John MacGregor 0-0: Called Strike
0-1: Swinging Strike
0-2: Fly out, F9 (Flyball, 9)
Top of the 9th over - 0 runs, 0 hits, 0 errors, 0 left on base; Sioux Falls 3 - Pennsauken 4
Sunday, March 18th, 2018 - OOTP Baseball 18.8 Build 76